 Dungeon Crawl Stone Soup version 0.20.0-15-g7f486f2 (webtiles) character file.

40961 dobroeutro the Sharpshooter (level 13, -1/115 HPs)
             Began as a Centaur Hunter on June 9, 2017.
             Was the Champion of Okawaru.
             Slain by a spiny frog (8 damage)
             ... on level 3 of the Lair of Beasts.
             The game lasted 01:23:55 (28698 turns).

dobroeutro the Sharpshooter (Centaur Hunter)       Turns: 28698, Time: 01:23:56

Health: -1/115     AC: 19    Str: 18    XL:     13   Next: 77%
Magic:  0/13       EV: 12    Int: 10    God:    Okawaru [******]
Gold:   1117       SH:  0    Dex: 12    Spells: 12/12 levels left

rFire    + + +     SeeInvis +   S - +2 arbalest (flame)
rCold    + + .     Gourm    .   (shield currently unavailable)
rNeg     + . .     Faith    .   h - +3 leather armour of Generosity {rC+}
rPois    .         Spirit   +   P - +0 helmet of Wariness {-Tele rF+ rN+ SInv}
rElec    .         Reflect  .   N - scarf {repulsion}
rCorr    .         Harm     .   A - +1 pair of gloves
MR       .....     NoTele   +   Y - +2 centaur barding {rC+}
Stlth    +.........             j - amulet "Lussie" {Spirit -Tele +Fly rF+ SInv}
Regen    0.3/turn               x - ring of see invisible
MPRegen  0.2/turn               I - ring of protection from fire

@: lethally poisoned (-1 -> -31), repel missiles, very quick
A: hooves 3, deformed body, speed 2, tough skin 3
a: Heroism, Finesse, Renounce Religion, Evoke Flight


You were on level 3 of the Lair of Beasts.
You worshipped Okawaru.
Okawaru was exalted by your worship.
You were not hungry.

You visited 2 branches of the dungeon, and saw 15 of its levels.
You also visited: Labyrinth.

You collected 1117 gold pieces.

Inventory:

Hand Weapons
 c - the +3 falchion "Hydraslayer" {slice, rPois}
   (You found it in a labyrinth)

   It inflicts extra damage upon your enemies.
   It protects you from poison.
 B - a +1 short sword of piercing
 G - a +0 trident of venom
 S - a +2 arbalest of flaming (weapon)
 W - the +10 triple crossbow "Hauja" {penet, rF- MR+ Str+3}
   (Okawaru gifted it to you on level 11 of the Dungeon)

   Ammo fired by it will pass through the targets it hits, potentially hitting
   all targets in its path until it reaches maximum range.
   It affects your strength (+3).
   It makes you vulnerable to fire.
   It affects your resistance to hostile enchantments.
Missiles
 L - 7 bolts (quivered)
Armour
 a - +1 fire dragon scales
 g - the +1 plate armour of Beyond {Str+3, unknown}
   (You found it in a labyrinth)

   It affects your strength (+3).
 h - the +3 leather armour of Generosity (worn) {rC+}
   (You found it on level 12 of the Dungeon)

   It protects you from cold.
 n - a +2 hat
 A - a +1 pair of gloves (worn)
 N - a scarf of repulsion (worn)
 P - the +0 helmet of Wariness (worn) {-Tele rF+ rN+ SInv}
   (You found it on level 9 of the Dungeon)

   It protects you from fire.
   It protects you from negative energy.
   It lets you see invisible.
   It prevents most forms of teleportation.
 Y - a +2 centaur barding of cold resistance (worn)
Jewellery
 j - the amulet "Lussie" (around neck) {Spirit -Tele +Fly rF+ SInv}
   (You found it on level 1 of the Lair of Beasts)

   [amulet of guardian spirit]

   It causes incoming damage to be split between your health and magic.
   It protects you from fire.
   It lets you see invisible.
   It lets you fly.
   It prevents most forms of teleportation.
 u - an uncursed amulet of the gourmand {unknown}
 x - a ring of see invisible (left hand)
 I - a ring of protection from fire (right hand)
 V - a +4 amulet of reflection {unknown}
 X - an uncursed amulet of magic regeneration {unknown}
Wands
 d - a wand of paralysis (9/24)
 y - a wand of clouds (4/9)
 R - a wand of paralysis (13/24)
 Z - a wand of lightning (5/15)
Scrolls
 i - 5 scrolls of fog
 l - 9 scrolls of remove curse
 m - 2 scrolls of teleportation
 o - 4 scrolls of amnesia
 p - a scroll of blinking
 q - 4 scrolls of immolation
 r - 4 scrolls of magic mapping
 s - 2 scrolls of enchant armour
 v - a scroll of summoning
 C - 2 scrolls of fear
 U - 3 scrolls of enchant weapon
Potions
 b - 2 potions of lignification
 e - a potion of agility {unknown}
 k - 2 potions of haste
 w - a potion of ambrosia {unknown}
 E - 2 potions of berserk rage {unknown}
 F - 2 potions of heal wounds
 H - 2 potions of resistance
 J - 2 potions of degeneration {unknown}
 Q - 3 potions of curing
 T - 2 potions of flight {unknown}
Comestibles
 f - a bread ration
 t - 9 meat rations
 D - 16 royal jellies
 O - 12 fruits


   Skills:
 + Level 10.9 Fighting
 * Level 16.3 Crossbows
 + Level 8.5 Armour
 + Level 8.6 Dodging
 - Level 0.4 Stealth


You had 12 spell levels left.
You didn't know any spells.

Dungeon Overview and Level Annotations

Branches:
Dungeon (12/15)            Temple (0/1) D:7            Lair (3/6) D:10
  Swamp (0/4) Lair:2          Orc (0/2) D:12
  Snake: Lair:2-4    Spider: Lair:2-4

Altars:
Cheibriados
Dithmenos
Elyvilon
Fedhas
Okawaru
Qazlal
Ru
Uskayaw
Vehumet
Xom
Zin
Beogh

Shops:
D:4 }   D:11 (

Annotations:
D:3 HUIXAX's ghost, amateur SpEn
D:11 Harold
Lair:2 1 exclusion
Lair:3 exclusion: electric eel


Innate Abilities, Weirdness & Mutations

You have hooves in place of feet.
Armour fits poorly on your strangely shaped body.
You cover ground very quickly.
You have extremely tough skin. (AC +3)


Message History

Press: ? - help, Shift-Dir - straight line, f/p - spiny frog
Aim: a spiny frog (heavily wounded)
You shoot a bolt. The bolt barely misses the spiny frog.
You feel sick.
The spiny frog stings you but does no damage.
The yak gores you!
* * * LOW HITPOINT WARNING * * *
Firing (i - inventory):
L - 8 bolts (quivered)
Press: ? - help, Shift-Dir - straight line, f/p - spiny frog
Aim: a spiny frog (heavily wounded)
You shoot a bolt.
The bolt hits the spiny frog but does no damage.
The spiny frog is heavily wounded.
* * * LOW HITPOINT WARNING * * *
You feel very sick. The spiny frog stings you!
* * * LOW HITPOINT WARNING * * *
You are more poisoned.
The spiny frog poisons you! The yak closely misses you.
The spiny frog stings you!
You die...

.......≈≈≈≈≈..... ..
.......P......#.....#
......P......#.# ...##
......#........##....###
............P..........(
.......P..............:P
......P#....[......(.(..
......####..#...........
......# ####...@Y%....(
......# #....F......
......# #..........P
#.#.### ##..P##(####
##### ##### ##


You could see a yak and a spiny frog.

Vanquished Creatures
  Gastronok (D:8)
  A fire giant (D:11)
  Snorg (D:10)
  An ettin (D:11)
  A minotaur (Lab)
  3 hydras
  8 two-headed ogres
  Pikel (D:6)
  17 cyclopes (D:11)
  The ghost of Paps the Covert, a novice OpEn of Dithmenos (D:6)
  Maurice (D:8)
  A black mamba (Lair:2)
  Joseph (D:7)
  Psyche (D:8)
  2 gargoyles
  A spiny frog (Lair:1)
  A troll (D:11)
  2 hornets
  4 slime creatures (D:12)
  8 hippogriffs
  A vampire (D:9)
  16 yaks
  2 wyverns
  2 basilisks
  2 hungry ghosts
  The ghost of mopl the Sneak, an amateur DsAs (D:4)
  2 wargs (D:11)
  3 swamp worms (Lair:2)
  3 soldier ants (D:10)
  Duvessa (D:7)
  8 water moccasins
  5 porcupines
  14 orc warriors
  2 sky beasts
  8 ice beasts
  An eye of draining (D:8)
  A hornet zombie (D:10)
  A slave (D:6)
  A black bear (D:5)
  A wolf (shapeshifter) (D:12)
  A phantom (D:6)
  4 necrophages
  7 wolves
  13 centaurs
  7 ogres
  5 crocodiles (D:10)
  2 big kobolds
  9 bullfrogs
  A water moccasin zombie (D:5)
  Dowan (D:7)
  7 scorpions
  9 killer bees
  22 wights
  A howler monkey (D:12)
  3 bullfrog zombies
  5 crimson imps
  A centaur zombie (D:8)
  2 lava snakes (D:11)
  2 quasits
  3 bullfrog skeletons
  8 hounds
  8 orc wizards
  3 jellies
  11 orc priests
  5 centaur skeletons
  6 iguanas
  9 worker ants
  2 hound skeletons
  4 mummies (D:7)
  A worker ant zombie (D:10)
  16 adders
  13 gnolls
  2 shadow imps
  3 adder zombies (D:7)
  3 adder skeletons
  2 worms
  2 dart slugs
  3 leopard geckos
  54 orcs
  7 giant cockroaches
  6 goblins
  7 hobgoblins
  10 jackals
  8 quokkas
  2 ball pythons
  8 bats
  5 frilled lizards
  16 kobolds
  A leopard gecko skeleton (D:4)
  A leopard gecko zombie (D:9)
  A quokka skeleton (D:4)
  2 quokka zombies (D:7)
  6 rats
  A fungus (Lair:2)
473 creatures vanquished.

Vanquished Creatures (collateral kills)
  An ogre (D:11)
1 creature vanquished.

Vanquished Creatures (others)
  A slave (D:6)
  An ogre (D:11)
  A hound (D:6)
  A gnoll (D:4)
  A howler monkey skeleton (D:6)
  An orc (D:4)
  3 plants
9 creatures vanquished.

Grand Total: 483 creatures vanquished

Notes
Turn   | Place    | Note
-------+----------+-------------------------------------------
     0 | D:1      | dobroeutro the Centaur Hunter began the quest for the Orb.
     0 | D:1      | Reached XP level 1. HP: 17/17 MP: 1/1
   337 | D:1      | Reached XP level 2. HP: 15/24 MP: 2/2
   483 | D:1      | Reached skill level 5 in Crossbows
  1022 | D:2      | Reached XP level 3. HP: 21/29 MP: 3/3
  1110 | D:2      | Found a snail-covered altar of Cheibriados.
  1123 | D:2      | Found a blossoming altar of Fedhas.
  1123 | D:2      | Found a glowing silver altar of Zin.
  1381 | D:2      | Reached XP level 4. HP: 36/36 MP: 4/4
  1392 | D:2      | Found a sacrificial altar of Ru.
  1603 | D:2      | Found a shadowy altar of Dithmenos.
  1607 | D:2      | Found a shimmering altar of Xom.
  1703 | D:3      | Found a hide-covered altar of Uskayaw.
  1710 | D:3      | Reached skill level 6 in Crossbows
  1840 | D:3      | Noticed HUIXAX's ghost (amateur SpEn)
  2699 | D:3      | Reached XP level 5. HP: 32/42 MP: 5/5
  2766 | D:4      | Noticed mopl's ghost (amateur DsAs)
  3131 | D:3      | You fall through a shaft!
  3638 | D:4      | Found Rutiycwe's Gadget Shop.
  3641 | D:4      | Killed mopl's ghost
  3641 | D:4      | Reached skill level 1 in Armour
  3641 | D:4      | Reached XP level 6. HP: 34/50 MP: 6/6
  4330 | D:5      | Entered Level 5 of the Dungeon
  4431 | D:5      | Noticed an ice beast
  4844 | D:5      | Reached skill level 7 in Crossbows
  5085 | D:5      | Reached XP level 7. HP: 50/57 MP: 7/7
  5647 | D:5      | Reached skill level 8 in Crossbows
  5888 | D:5      | Reached XP level 8. HP: 66/66 MP: 8/8
  6263 | D:6      | Noticed Paps's ghost (novice OpEn)
  6429 | D:6      | Reached skill level 9 in Crossbows
  7137 | D:6      | Reached skill level 5 in Fighting
  7167 | D:6      | Reached XP level 9. HP: 62/74 MP: 9/9
  7350 | D:6      | Found an iron altar of Okawaru.
  7627 | D:6      | Reached skill level 10 in Crossbows
  7935 | D:6      | Noticed Pikel
  7958 | D:6      | Killed Pikel
  7988 | D:6      | Became a worshipper of Warmaster Okawaru
  8162 | D:6      | Killed Paps's ghost
  9114 | D:7      | Reached * piety under Okawaru
  9114 | D:7      | Reached skill level 11 in Crossbows
  9679 | D:7      | Reached skill level 5 in Dodging
  9679 | D:7      | Reached XP level 10. HP: 53/83 MP: 10/10
 10163 | D:7      | Noticed Joseph
 11308 | D:7      | Killed Joseph
 11736 | D:7      | Noticed Duvessa
 11737 | D:7      | Noticed Dowan
 12186 | D:6      | Reached skill level 5 in Armour
 12319 | D:7      | Reached ** piety under Okawaru
 13012 | D:7      | Found a staircase to the Ecumenical Temple.
 13030 | D:7      | Paralysed by a hornet for 2 turns
 13031 | D:7      | HP: 2/84 [hornet (13)]
 13246 | D:7      | HP: 4/86 [Duvessa/wand of lightning (?/15) (25)]
 13504 | D:8      | Noticed Gastronok
 13772 | D:8      | Found a radiant altar of Vehumet.
 13879 | D:8      | Reached skill level 12 in Crossbows
 14198 | D:7      | Killed Duvessa
 14345 | D:7      | Killed Dowan
 14486 | D:8      | Noticed Maurice
 14986 | D:9      | Noticed a two-headed ogre
 15022 | D:8      | Noticed Psyche
 15023 | D:8      | Killed Maurice
 15023 | D:8      | Reached *** piety under Okawaru
 15036 | D:8      | Killed Psyche
 15277 | D:8      | Found a stormy altar of Qazlal.
 15824 | D:8      | Received a gift from Okawaru
 15824 | D:8      | Reached XP level 11. HP: 67/93 MP: 11/11
 16139 | D:8      | Killed Gastronok
 16139 | D:8      | Received a gift from Okawaru
 16465 | D:9      | Found a white marble altar of Elyvilon.
 16586 | D:9      | Reached **** piety under Okawaru
 16796 | D:9      | Got a translucent helmet
 16807 | D:9      | Identified the +0 helmet of Wariness {-Tele rF+ rN+ SInv} (You found it on level 9 of the Dungeon)
 16990 | D:9      | Killed a two-headed ogre
 16990 | D:9      | Reached skill level 13 in Crossbows
 17057 | D:10     | Entered Level 10 of the Dungeon
 17117 | D:10     | Noticed a two-headed ogre
 17125 | D:10     | Killed a two-headed ogre
 18125 | D:10     | Reached ***** piety under Okawaru
 18312 | D:10     | Found a staircase to the Lair.
 18842 | D:10     | Noticed a two-headed ogre
 18865 | D:10     | Killed a two-headed ogre
 18910 | D:10     | Noticed a two-headed ogre
 18914 | D:10     | Killed a two-headed ogre
 18914 | D:10     | Received a gift from Okawaru
 18914 | D:10     | Reached XP level 12. HP: 48/104 MP: 12/12
 19581 | D:10     | Noticed Snorg
 19778 | D:10     | Killed Snorg
 19778 | D:10     | Reached skill level 14 in Crossbows
 20105 | D:11     | Noticed Harold
 20367 | D:11     | Noticed a five-headed hydra
 20504 | D:11     | Killed a five-headed hydra
 20901 | D:11     | Noticed a two-headed ogre
 20907 | D:11     | Killed a two-headed ogre
 21212 | D:11     | Found Arad's Antique Weapon Shop.
 21445 | D:11     | Received a gift from Okawaru
 21449 | D:11     | Got a polished triple crossbow {god gift}
 21586 | D:11     | Noticed an ettin
 21698 | D:11     | Reached ****** piety under Okawaru
 21732 | D:11     | Noticed a two-headed ogre
 21732 | D:11     | Noticed a two-headed ogre
 21782 | D:11     | Killed a two-headed ogre
 21782 | D:11     | Reached skill level 10 in Fighting
 22101 | D:10     | Killed a two-headed ogre
 22101 | D:10     | Reached skill level 15 in Crossbows
 22855 | D:11     | Received a gift from Okawaru
 23565 | D:11     | Reached XP level 13. HP: 97/112 MP: 11/13
 23622 | D:11     | Noticed an ettin
 24030 | D:11     | Killed an ettin
 24376 | D:11     | Noticed a fire giant
 24841 | D:11     | Killed a fire giant
 24945 | D:11     | Got a translucent flail
 24948 | D:11     | Got a crude lajatang
 24949 | D:11     | Identified the +5 lajatang of Neuhawupt {venom, rPois rC++ MR- Str+2} (You found it on level 11 of the Dungeon)
 24955 | D:11     | Got a dazzling battleaxe
 24956 | D:11     | Identified the +5 battleaxe of Honour {freeze, Str+3 Int-2 SInv} (You found it on level 11 of the Dungeon)
 25667 | D:12     | Found a roughly hewn altar of Beogh.
 25667 | D:12     | Found a staircase to the Orcish Mines.
 26338 | D:12     | Got a translucent leather armour
 26349 | D:12     | Identified the +3 leather armour of Generosity {rC+} (You found it on level 12 of the Dungeon)
 26484 | Lair:1   | Entered Level 1 of the Lair of Beasts
 26501 | Lair:1   | Reached skill level 16 in Crossbows
 26534 | Lair:1   | Found a labyrinth entrance.
 26542 | Lab      | Entered a labyrinth
 27054 | Lab      | Noticed a minotaur
 27058 | Lab      | Killed a minotaur
 27069 | Lab      | Identified Teseireo's Handbook of Poison and Dislocation
 27086 | Lab      | Got a warped falchion
 27086 | Lab      | Got a jacinth-encrusted plate armour
 27103 | Lair:1   | Identified the +3 falchion "Hydraslayer" {slice, rPois} (You found it in a labyrinth)
 27150 | Lair:1   | Found a white marble altar of Elyvilon.
 27270 | Lair:1   | Identified the +10 triple crossbow "Hauja" {penet, rF- MR+ Str+3} (Okawaru gifted it to you on level 11 of the Dungeon)
 27274 | Lair:1   | Received a gift from Okawaru
 27545 | Lair:1   | Got a flickering crystal amulet
 28090 | Lair:2   | Identified the amulet "Lussie" {Spirit -Tele +Fly rF+ SInv} (You found it on level 1 of the Lair of Beasts)
 28173 | Lair:2   | Received a gift from Okawaru
 28540 | Lair:2   | Found a staircase to the Swamp.
 28698 | Lair:3   | Slain by a spiny frog

Skill      XL: |  1  2  3  4  5  6  7  8  9 10 11 12 13 |
---------------+----------------------------------------+-----
Crossbows      | 5 6 7 8 9 11 12 13 15 16 | 16.3
Dodging        | 2 3 4 5 6 7 8 |  8.6
Armour         | 1 2 3 4 5 6 7 8 |  8.5
Fighting       | 3 4 5 6 7 9 10 | 10.9
Stealth        | |  0.4

Action                   |  1- 3 |  4- 6 |  7- 9 | 10-12 | 13-15 || total
-------------------------+-------+-------+-------+-------+-------++-------
Melee: Short sword       |   105 |   132 |   237 |    93 |    37 ||   604
       Kick              |    18 |    37 |    53 |    93 |    36 ||   237
       Trident           |       |       |       |   303 |   101 ||   404
       Falchion          |       |       |       |       |     4 ||     4
 Fire: Hand crossbow     |    14 |    28 |   233 |   631 |    55 ||   961
       Arbalest          |       |       |       |       |   232 ||   232
Invok: Heroism           |       |       |       |     5 |     3 ||     8
Evoke: Wand              |       |       |     4 |    28 |       ||    32
  Use: Potion            |       |       |     1 |     7 |     2 ||    10
       Scroll            |       |       |       |    23 |     7 ||    30
  Eat: Chunk             |     1 |     9 |     8 |    28 |     9 ||    55
       Bread ration      |       |       |     1 |     3 |     4 ||     8
Armor: Leather armour    |    36 |    46 |    85 |   135 |   153 ||   455
Dodge: Dodged            |    54 |    78 |   165 |   307 |   157 ||   761
       Deflected         |       |       |       |    24 |     8 ||    32
